 Dungeon Crawl Stone Soup version 0.29.1-15-g9cfb28693d (webtiles) character file.

Game seed: 4612054807930082202

238 Peloso the Shield-Bearer (level 5, -3/47 HPs)
             Began as a Minotaur Fighter on Feb 27, 2023.
             Slain by Terence
             ... wielding a +1 mace of protection
              (8 damage)
             ... on level 2 of the Dungeon.
             The game lasted 00:02:32 (1566 turns).

Peloso the Shield-Bearer (Minotaur Fighter)         Turns: 1566, Time: 00:02:32

Health: -3/47      AC:  7    Str: 21    XL:     5   Next: 78%
Magic:  4/4        EV:  9    Int:  5    God:
Gold:   49         SH:  5    Dex: 11    Spells: 4/4 levels left

rFire   . . .      SeeInvis .   a - +0 long sword
rCold   . . .      Faith    .   c - +0 buckler
rNeg    . . .      Spirit   .   b - +0 scale mail
rPois   .          Reflect  .   (helmet restricted)
rElec   .          Harm     .   (no cloak)
rCorr   +          Rampage  .   (no gloves)
Will    .....                   (no boots)
Stlth   ..........              (no amulet)
HPRegen 0.15/turn               f - ring of resist corrosion
MPRegen 0.09/turn               (no ring)

@: no status effects
A: horns 2, retaliatory headbutt
a: no special abilities


You were on level 2 of the Dungeon.
You visited 1 branch of the dungeon, and saw 2 of its levels.

You collected 49 gold pieces.

Inventory:

Hand Weapons
 a - a +0 long sword (weapon)
Armour
 b - a +0 scale mail (worn)
 c - a +0 buckler (worn)
Jewellery
 f - a ring of resist corrosion (left hand)
Scrolls
 e - a scroll of identify
 h - a scroll of teleportation
 i - a scroll of summoning {unknown}
 k - a scroll of poison {unknown}
Potions
 d - a potion of might
 j - a potion of flight {unknown}


   Skills:
 + Level 4.5 Fighting
 + Level 4.7 Long Blades
 + Level 4.7 Armour
 + Level 1.1 Dodging
 + Level 0.5 Stealth
 + Level 4.8 Shields
 + Level 0.2 Evocations


You had 4 spell levels left.
You didn't know any spells.
Your spell library was empty.

Dungeon Overview and Level Annotations

Branches:
Dungeon (2/15)

Altars:

Annotations:
D:2 Terence


Innate Abilities, Weirdness & Mutations

You have a pair of horns on your head.
You reflexively headbutt those who attack you in melee.


Message History

Terence hits you with a +1 mace of protection!
You closely miss Terence.
Terence hits you with a +1 mace of protection.
You hit Terence but do no damage. Terence closely misses you.
You hit Terence but do no damage. You headbutt Terence, but do no damage.
Terence hits you but does no damage.
You slash Terence!
Terence is moderately wounded.
Terence hits you with a +1 mace of protection.
You barely miss Terence.
Terence is moderately wounded.
You block Terence's attack.
Terence hits you with a +1 mace of protection!
You hit Terence but do no damage.
Terence is moderately wounded.
Terence hits you with a +1 mace of protection.
You hit Terence but do no damage.
Terence is moderately wounded.
Terence hits you with a +1 mace of protection!
* * * LOW HITPOINT WARNING * * *
You hit Terence.
Terence is heavily wounded.
You block Terence's attack.
You hit Terence but do no damage.
Terence is heavily wounded.
Terence hits you with a +1 mace of protection.
* * * LOW HITPOINT WARNING * * *
Terence hits you but does no damage.
You hit Terence.
Terence is heavily wounded.
Terence hits you with a +1 mace of protection.
* * * LOW HITPOINT WARNING * * *
You closely miss Terence. Your headbutt misses Terence.
Terence is heavily wounded.
You block Terence's attack.
You barely miss Terence.
Terence is heavily wounded.
You block Terence's attack.
Terence hits you with a +1 mace of protection!
You die...

#.# #.# ### ##.# ####
#.. ..# #.. #.# #.# #.#
#.####.####.##
#.........)..#
#..###.####..##.####
#####..##)..###.@@......
#......#...>.##.###.###.
#.###.......###.. # #.#
######.## ### #.# #.#
#.## #.# #..# #+# ##.#
##.#


You could see Terence.

Vanquished Creatures
  Sigmund (D:2)
  Jessica (D:2)
  An adder (D:2)
  A worm (D:2)
  A dart slug (D:2)
  An orc (D:2)
  4 bats (D:1)
  2 endoplasms
  2 giant cockroaches
  6 goblins
  7 hobgoblins (D:1)
  2 ball pythons (D:2)
  A frilled lizard (D:2)
  3 kobolds
  5 rats
38 creatures vanquished.

Notes
Turn   | Place    | Note
-------+----------+-------------------------------------------
     0 | D:1      | Peloso the Minotaur Fighter began the quest for the Orb.
     0 | D:1      | Reached XP level 1. HP: 19/19 MP: 0/0
   181 | D:1      | Reached XP level 2. HP: 25/27 MP: 1/1
   847 | D:2      | Reached XP level 3. HP: 33/33 MP: 2/2
  1400 | D:2      | Found a faded altar of an unknown god.
  1534 | D:2      | Noticed Jessica
  1535 | D:2      | Killed Jessica
  1536 | D:2      | Reached XP level 4. HP: 40/40 MP: 3/3
  1543 | D:2      | Noticed Sigmund
  1547 | D:2      | Killed Sigmund
  1548 | D:2      | Reached skill level 1 in Dodging
  1548 | D:2      | Reached XP level 5. HP: 39/47 MP: 4/4
  1550 | D:2      | Noticed Terence
  1566 | D:2      | Slain by Terence

Illustrated notes

Levels and vault maps discovered:
D:1:      evilmike_arrival_grusome_pit, layout_basic
D:2:      layout_loops_corners, hellmonk_ecumenical_altar_inner_sanctum,
          roderic_roman_lattice, minmay_misc_feat_room, uniq_jessica,
          uniq_sigmund, uniq_terence

Skill      XL: |  1  2  3  4 |
---------------+-------------+-----
Shields        | 4 |  4.8
Armour         | 4 |  4.7
Fighting       | 4 |  4.5
Long Blades    | 3 4 |  4.7
Dodging        | 1 |  1.1
Stealth        | |  0.5
Evocations     | |  0.2

Action                   |  1- 3 |  4- 6 || total
-------------------------+-------+-------++-------
Melee: Long sword        |    70 |    14 ||    84
       Headbutt          |    10 |     1 ||    11
Evoke: Wand              |     1 |     3 ||     4
  Use: Scroll            |     2 |       ||     2
       Potion            |     1 |       ||     1
Armor: Scale mail        |    33 |     4 ||    37
Dodge: Dodged            |    34 |     1 ||    35
Block: Buckler           |    22 |     5 ||    27
